 Dungeon Crawl Stone Soup version 0.29-a0-542-g075992c915 (webtiles) character file.

Game seed: 8593984679730338468

27 zishaf the Covered (level 2, 0/24 HPs)
             Began as a Demigod Wanderer on June 3, 2022.
             Slain by Natasha (4 damage)
             ... on level 2 of the Dungeon.
             The game lasted 00:02:31 (1267 turns).

zishaf the Covered (Demigod Wanderer)               Turns: 1267, Time: 00:02:32

Health: 0/24       AC:  7    Str: 13    XL:     2   Next: 72%
Magic:  5/5        EV: 10    Int: 16    God:
Gold:   52         SH:  0    Dex: 11    Spells: 1/3 levels left

rFire   . . .      SeeInvis .   h - +0 dagger
rCold   . . .      Faith    .   (no shield)
rNeg    . . .      Spirit   .   j - +0 ring mail
rPois   .          Reflect  .   (no helmet)
rElec   .          Harm     .   i - +0 cloak
rCorr   .          Rampage  .   (no gloves)
Will    .....                   (no boots)
Stlth   +.........              (no amulet)
HPRegen 0.08/turn               a - ring of wizardry
MPRegen 0.09/turn               (no ring)

@: slowed, very slow
A: high MP 1, forlorn, divine attributes
a: no special abilities


You were on level 2 of the Dungeon.
You visited 1 branch of the dungeon, and saw 2 of its levels.

You collected 52 gold pieces.

Inventory:

Hand Weapons
 h - a +0 dagger (weapon)
Armour
 d - a +0 chain mail
 i - a +0 cloak (worn)
 j - a +0 ring mail (worn)
Jewellery
 a - a ring of wizardry (left hand)
Scrolls
 b - a scroll of teleportation
 c - a scroll of summoning
 l - a scroll of blinking {unknown}
 n - a scroll of vulnerability {unknown}
Potions
 e - a potion of attraction {unknown}
 f - a potion of heal wounds {unknown}
 g - a potion of curing {unknown}
 k - a potion of might {unknown}
 m - a potion of brilliance {unknown}


   Skills:
 + Level 2.0 Fighting
 - Level 4.5 Armour
 - Level 1.0 Dodging
 - Level 1.0 Spellcasting
 + Level 2.5 Conjurations


You had one spell level left.
You knew the following spells:

 Your Spells              Type           Power      Damage    Failure   Level
a - Searing Ray           Conj           16%        2d5       10%         2

Your spell library contained the following spells:

 Spells                   Type           Power      Damage    Failure   Level
 Static Discharge         Conj/Air       4%         N/A       16%         2


Dungeon Overview and Level Annotations

Branches:
Dungeon (2/15)

Annotations:
D:2 Natasha


Innate Abilities, Weirdness & Mutations

You have an increased reservoir of magic. (+10% MP)
You shall have no god before yourself.
Your divine heritage dramatically boosts your attributes as you level up.


Message History

Natasha stares at you and mumbles some strange words.
You resist with significant effort.
You closely miss Natasha.
Natasha is moderately wounded.
Natasha casts a spell at you.
You feel yourself slow down.
You hit Natasha but do no damage.
Natasha is moderately wounded.
Natasha howls an incantation.
Natasha shimmers violently.
Natasha claws you but does no damage.
Natasha stares at you and mumbles some strange words.
The magic dart hits you.
You hit Natasha.
Natasha is moderately wounded.
Natasha claws you but does no damage.
You hit Natasha.
Natasha is heavily wounded.
Natasha wildly gestures.
You feel troubled. Natasha claws you.
* * * LOW HITPOINT WARNING * * *
Natasha barely misses you.
You hit Natasha but do no damage.
Natasha is heavily wounded.
Natasha barely misses you.
You barely miss Natasha.
Natasha is heavily wounded.
Natasha barely misses you.
Natasha stares at you and mumbles some strange words.
You resist with significant effort.
You barely miss Natasha.
Natasha is heavily wounded.
Natasha casts a spell.
You closely miss Natasha.
Natasha is heavily wounded.
Natasha claws you.
* * * LOW HITPOINT WARNING * * *
Natasha claws you.
You die...

#.#
#.#
#.#
#.#
#.#
#.#
#5#
#h#
#@#
#<#
###


You could see Natasha and a shadow imp (summoned).

Vanquished Creatures
  A ball python (D:2)
  3 bats (D:1)
  2 endoplasms (D:1)
  A giant cockroach (D:1)
  5 goblins (D:1)
  4 hobgoblins (D:1)
  A kobold (D:1)
  4 frilled lizards (D:1)
  3 rats (D:1)
24 creatures vanquished.

Vanquished Creatures (others)
  A plant (D:1)
1 creature vanquished.

Grand Total: 25 creatures vanquished

Notes
Turn   | Place    | Note
-------+----------+-------------------------------------------
     0 | D:1      | zishaf the Demigod Wanderer began the quest for the Orb.
     0 | D:1      | zishaf set off with the following items: a +0 club, a
                  | scroll of teleportation, a scroll of summoning, a +0 chain
                  | mail; and the following spells available to memorise:
                  | Searing Ray, Static Discharge
     0 | D:1      | Reached XP level 1. HP: 16/16 MP: 4/4
   403 | D:1      | Reached XP level 2. HP: 16/23 MP: 5/5
   437 | D:1      | Learned a level 2 spell: Searing Ray
  1177 | D:2      | Noticed Natasha
  1267 | D:2      | Slain by Natasha

Illustrated notes

Levels and vault maps discovered:
D:1:      sevenhm_arrival_forest_fort_small_4, layout_rooms,
          shapermc_ecumenical_altar_ellora, chequers_mini_garden
D:2:      kennysheep_the_goblin_king, layout_basic, serial_shops, shop, shop,
          kennysheep_generic_room_12, uniq_natasha

Skill      XL: |  1  2 |
---------------+-------+-----
Conjurations   | 2 |  2.5
Fighting       | 2 |  2.0
Armour         | |  4.5
Dodging        | |  1.0
Spellcasting   | |  1.0

Action                   || total
-------------------------++-------
Melee: Dagger            ||   109
       Club              ||    28
Armor: Chain mail        ||    33
       Ring mail         ||    35
Dodge: Dodged            ||    69

Table legend: (Time is in decaauts)
 A = Elapsed time spent in this place.
 B = Non-inter-level travel time spent in this place.
 C = Inter-level travel time spent in this place.
 D = Time resting spent in this place.
 E = Time spent auto-exploring this place.
 F = Levels seen in this place.
 G = Mean time per level.
                   A        B        C        D        E       F      G
               +--------+--------+--------+--------+--------+-----+--------+
         Total |   1278 |   1252 |     26 |     57 |    857 |   2 |  639.0 |
       Dungeon |   1278 |   1252 |     26 |     57 |    857 |   2 |  639.0 |
               +--------+--------+--------+--------+--------+-----+--------+

Top non-repeatable levels by time:
     D:1: 1235 daAuts
     D:2: 42 daAuts
